 Dungeon Crawl Stone Soup version 0.30.1-11-g7821555f0a (webtiles) character file.

Game seed: 14300699634394540527

21151 Nonny the Tortoise (level 12, -2/113 (115) HPs)
             Began as a Minotaur Cinder Acolyte on Oct 30, 2023.
             Was a High Priest of Ignis.
             Slain by an apocalypse crab (15 damage)
             ... while petrified by you
             ... in a Gauntlet.
             The game lasted 00:41:38 (9853 turns).

Nonny the Tortoise (Minotaur Cinder Acolyte)        Turns: 9853, Time: 00:41:38

HP:   -2/113 (115)  AC: 24    Str: 22    XL:     12   Next: 51%
MP:   7/12          EV:  2    Int: 11    God:    Ignis [*****.]
Gold: 582           SH:  0    Dex: 14    Spells: 13/13 levels left

rFire   + . .        F - +0 scimitar (flame)
rCold   x . .        (no shield)
rNeg    + + +        i - +0 chain mail
rPois   ∞            h - +2 hat "Amo Hut" {rC- Will+++ Slay+6 SInv}
rElec   .            z - +2 cloak
rCorr   .            u - +0 pair of gloves
SInv    +            a - +2 pair of boots
Will    +++..        f - amulet of regeneration Stlth
                     g - +6 ring of dexterity
HPRegen 1.18/turn    G - ring of flight
MPRegen 0.13/turn

%: no teleportation
@: petrified, flying, slowed, lightly drained
A: horns 2, retaliatory headbutt
a: Renounce Religion, Fiery Armour, Foxfire Swarm, Rising Flame


You were in a Gauntlet.
You worshipped Ignis.
Ignis was extremely pleased with you.
You visited 2 branches of the dungeon, and saw 14 of its levels.
You also visited: Bailey and Gauntlet.

You collected 582 gold pieces.

Inventory:

Hand Weapons
 F - a +0 scimitar of flaming (weapon)
Missiles
 j - 28 poisoned darts (quivered)
 x - a javelin
 y - 13 boomerangs
 A - a curare-tipped dart
Armour
 a - a +2 pair of boots (worn)
 h - the +2 hat "Amo Hut" (worn) {rC- Will+++ Slay+6 SInv}
   (You acquired it on level 8 of the Dungeon)

   Slay:      It affects your accuracy & damage with ranged weapons and melee
   (+6).
   rC:        It makes you vulnerable to cold.
   SInv:      It lets you see invisible.
   Will:      It greatly increases your willpower.
 i - a +0 chain mail (worn)
 u - a +0 pair of gloves (worn)
 z - a +2 cloak (worn)
Jewellery
 f - an amulet of regeneration (around neck)
 g - a +6 ring of dexterity (left hand)
 q - the ring of the Hare {EV+10}
   (You found it in a Gauntlet)

   [ring of evasion]

   EV:        It affects your evasion (+10).
 C - a ring of see invisible
 D - a ring of magical power
 G - a ring of flight (right hand)
 J - a ring of fire
Wands
 E - a wand of flame (9)
Scrolls
 l - a scroll of enchant armour
 m - 8 scrolls of teleportation
 o - a scroll of blinking
 p - a scroll of magic mapping
 r - 2 scrolls of poison
 s - a scroll of identify
 v - 2 scrolls of fear
 H - a scroll of fog
Potions
 b - 2 potions of resistance
 c - 3 potions of brilliance
 d - 5 potions of mutation
 e - 2 potions of invisibility
 k - 8 potions of curing
 n - a potion of heal wounds
 t - 2 potions of cancellation
 B - a potion of ambrosia
 I - a potion of haste


   Skills:
 + Level 13.3 Fighting
 + Level 14.0 Long Blades
 - Level 5.0 Throwing
 + Level 15.0 Armour
 - Level 3.1 Dodging
 - Level 1.0 Spellcasting
 - Level 2.1 Fire Magic


You had 13 spell levels left.
You didn't know any spells.
Your spell library contained the following spells:

 Spells                   Type           Power      Damage    Failure   Level
 Scorch                   Fire           10%        2d5       58%         2
 Blink                    Tloc           0%         N/A       88%         2
 Ensorcelled Hibernation  Hex/Ice        0%         N/A       88%         2
 Passwall                 Tmut/Erth      0%         N/A       88%         2
 Dazzling Flash           Conj/Hex       0%         N/A       98%         3
 Portal Projectile        Hex/Tloc       0%         N/A       98%         3
 Summon Guardian Golem    Hex/Summ       0%         N/A       98%         3
 Swiftness                Air            0%         N/A       98%         3
 Tukima's Dance           Hex            0%         N/A       98%         3
 Leda's Liquefaction      Hex/Erth       0%         N/A       100%        4
 Manifold Assault         Tloc           0%         N/A       100%        4
 Summon Lightning Spire   Summ/Air       0%         N/A       100%        4
 Agony                    Necr           0%         N/A       100%        5
 Blade Hands              Tmut           0%         N/A       100%        5
 Lee's Rapid Deconstruct  Erth           0%         3d4*      100%        5
 Silence                  Hex/Air        0%         N/A       100%        5
 Statue Form              Tmut/Erth      0%         N/A       100%        6
 Orb of Destruction       Conj           0%         9d5       100%        7
 Spellforged Servitor     Conj/Summ      0%         N/A       100%        7
 Storm Form               Tmut/Air       0%         N/A       100%        7
 Lehudib's Crystal Spear  Conj/Erth      0%         10d2      100%        8
 Maxwell's Capacitive Co  Air            0%         ∞         100%        8


Dungeon Overview and Level Annotations

Branches:
Dungeon (13/15)            Temple (1/1) D:5            Lair (0/5) D:11
    Orc (0/2) D:12         Bailey (visited)         Gauntlet (1/1)
 Vaults: D:13-14

Altars:
Ashenzari
Cheibriados
Dithmenos
Elyvilon
Fedhas
Gozag
Hepliaklqana
Kikubaaqudgha
Makhleb
Nemelex Xobeh
Okawaru
Qazlal
Ru
Sif Muna
Trog
Uskayaw
Vehumet
Wu Jian
Xom
Yredelemnul
Zin
The Shining One

Portals:
Trove: D:10 (give +4 demon trident)

Annotations:
D:5 2 transporters, KittyFluff's ghost, amateur GrBe Gauntlet 9 transporters, exclusion: obsidian statue


Innate Abilities, Weirdness & Mutations

You have a pair of horns on your head.
You reflexively headbutt those who attack you in melee.


Message History

The apocalypse crab is engulfed in seething chaos.
The apocalypse crab bites you but does no damage.
The apocalypse crab claws you but does no damage.
You have turned to stone.
The apocalypse crab is no longer moving slowly.
The apocalypse crab bites you but does no damage.
The apocalypse crab barely misses you.
The apocalypse crab bites you but does no damage.
The apocalypse crab claws you but does no damage.
The apocalypse crab bites you but does no damage.
The apocalypse crab claws you! The apocalypse crab freezes you!!
You feel a terrible chill!
The apocalypse crab bites you but does no damage.
The apocalypse crab claws you! The apocalypse crab freezes you!!
You feel a terrible chill! The apocalypse crab bites you!
You are engulfed in flames.
You resist.
The apocalypse crab claws you but does no damage.
The apocalypse crab bites you but does no damage.
The apocalypse crab claws you! The apocalypse crab freezes you!!
You feel a terrible chill!
* * * LOW HITPOINT WARNING * * *
The apocalypse crab bites you!
* * * LOW HITPOINT WARNING * * *
You are engulfed in flames.
You resist.
* * * LOW HITPOINT WARNING * * *
The apocalypse crab claws you but does no damage.
The apocalypse crab bites you!
* * * LOW HITPOINT WARNING * * *
The apocalypse crab shocks you!
* * * LOW HITPOINT WARNING * * *
The apocalypse crab claws you but does no damage.
The apocalypse crab bites you.
* * * LOW HITPOINT WARNING * * *
You feel your power leaking away.
The apocalypse crab claws you but does no damage.
The apocalypse crab bites you but does no damage.
The apocalypse crab claws you but does no damage.
The apocalypse crab bites you. The apocalypse crab freezes you!!
You feel a terrible chill!
You die...

#.##.##...#...###...#..#8#
.#..#.#...#.#...###.#..###
##.#..#...#....hb...#..#
#######...###########..###
.©.#....≈....#.©.#.....#8#
...#...≈8≈...#...#.8...###
.©.#....≈....#.©.#.....#
#######...###########..###
/©[..##...#..?/©@t..#..#8#
....#.#...#.##...##.#..###
...#..#...#.#.###.#.#..#
#.#...#...#..##.##..#..###
^#^...#...#....©....#..#8#
#©#...#...#..##.##..#..###
...#^.#...#.#.###.#.#..#
....#.#...#.##...##.#..###
....t##...#.........#..#8#


You could see a hell hog, an apocalypse crab (berserk) and a fire bat.

Vanquished Creatures
  2 vault guards (Bailey)
  2 skeletal warriors (D:11)
  2 manticores (D:12)
  2 deep elf pyromancers
  A cyclops (D:11)
  7 gargoyles
  Maurice (D:10)
  A kobold demonologist (D:12)
  2 unseen horrors
  A freezing wraith (D:10)
  A komodo dragon (D:10)
  5 trolls
  Prince Ribbit (Bailey)
  A queen bee (Gauntlet)
  8 slime creatures (D:12)
  Sigmund (D:2)
  A shadow (D:12)
  8 humans (Bailey)
  A wyvern (D:9)
  12 yaks
  9 vampire mosquitoes
  A steam dragon (D:10)
  3 wargs (D:11)
  2 acid dragons
  A water moccasin (D:5)
  An ice beast (D:5)
  An orc warrior (Bailey)
  2 sky beasts (D:7)
  A black bear (D:3)
  An ogre (D:7)
  4 centaurs
  2 phantoms
  18 bullfrogs
  3 kobold brigands
  3 gnoll sergeants
  4 scorpions
  4 wights (D:10)
  17 killer bees
  8 howler monkeys
  3 hounds
  9 orc priests
  2 gnoll boudas
  2 sleepcaps (D:5)
  Natasha (thrice) (D:4)
  10 orc wizards
  2 iguanas
  34 gnolls
  5 adders
  A shadow imp (D:7)
  4 white imps
  An ufetubus (D:6)
  3 worms
  5 dart slugs
  36 orcs
  12 ball pythons
  9 bats
  6 endoplasms
  A giant cockroach (D:1)
  13 goblins
  4 hobgoblins
  5 quokkas
  2 frilled lizards
  16 kobolds
  2 rats (D:1)
335 creatures vanquished.

Notes
Turn   | Place    | Note
-------+----------+-------------------------------------------
     0 | D:1      | Nonny the Minotaur Cinder Acolyte began the quest for the
                  | Orb.
     0 | D:1      | Reached XP level 1. HP: 19/19 MP: 1/1
    22 | D:1      | Starting vault: stone wall checkerboard. First enemy may be
                  | a rat to the south.
   178 | D:1      | Reached XP level 2. HP: 27/27 MP: 2/2
   213 | D:1      | Book of the Senses
   275 | D:1      | amulet of regen towards northeast :)
   595 | D:2      | Found a faded altar of an unknown god.
   600 | D:2      | Faded altar vault accessible only by D:1 stairs.
   640 | D:2      | Noticed Sigmund
   660 | D:2      | Reached XP level 3. HP: 5/34 MP: 3/3
   796 | D:2      | Reached skill level 1 in Dodging
   896 | D:2      | Reached skill level 1 in Armour
   897 | D:2      | Reached XP level 4. HP: 41/41 MP: 4/4
  1035 | D:2      | Killed Sigmund
  1036 | D:2      | Reached skill level 5 in Fighting
  1036 | D:2      | Reached skill level 5 in Long Blades
  1036 | D:2      | Reached skill level 2 in Armour
  1036 | D:2      | Reached XP level 5. HP: 46/48 MP: 5/5
  1541 | D:3      | Reached XP level 6. HP: 56/56 MP: 6/6
  1602 | D:3      | Reached skill level 3 in Armour
  1610 | D:3      | Found a broken altar of Ashenzari.
  1973 | D:4      | Noticed Natasha
  1988 | D:4      | Killed Natasha
  2025 | D:4      | Found a shimmering altar of Xom.
  2025 | D:4      | Found a shimmering altar of Xom.
  2025 | D:4      | Found a shimmering altar of Xom.
  2056 | D:4      | Noticed Natasha
  2060 | D:4      | Killed Natasha
  2160 | D:4      | Reached skill level 4 in Armour
  2160 | D:4      | Reached XP level 7. HP: 54/62 MP: 7/7
  2180 | D:4      | Noticed Natasha
  2189 | D:4      | Killed Natasha
  2390 | D:5      | Entered Level 5 of the Dungeon
  2409 | D:5      | Reached skill level 5 in Armour
  2556 | D:5      | Reached XP level 8. HP: 70/71 MP: 8/8
  2568 | D:5      | Reached skill level 6 in Armour
  2599 | D:5      | Found a burning altar of Makhleb.
  2638 | D:5      | Found a sparkling altar of Nemelex Xobeh.
  2653 | D:5      | Identified the +1 robe "Guloo" {Rampage rElec Int-4}
  2668 | D:5      | Noticed KittyFluff's ghost (amateur GrBe)
  2811 | D:5      | Found a staircase to the Ecumenical Temple.
  2819 | D:5      | Temple in northeast. Entrance vault: deep water pier.
  2820 | Temple   | Entered the Ecumenical Temple
  2820 | Temple   | Found a transporter.
  2820 | Temple   | Found a transporter.
  2822 | Temple   | Found a transporter.
  2822 | Temple   | Found a transporter.
  2844 | Temple   | Temple: fancy portals.
  2937 | D:5      | Found a transporter.
  2939 | D:5      | Found a transporter.
  2978 | D:5      | Found an opulent altar of Gozag.
  3120 | D:6      | Reached skill level 7 in Armour
  3469 | D:6      | Found a glowing silver altar of Zin.
  3540 | D:6      | Found a shadowy altar of Dithmenos.
  3541 | D:6      | Found a hazy altar of Hepliaklqana.
  3658 | D:7      | Reached skill level 8 in Armour
  3716 | D:7      | Reached XP level 9. HP: 79/79 MP: 9/9
  3908 | D:7      | Found a stormy altar of Qazlal.
  3980 | D:7      | Reached skill level 10 in Long Blades
  4171 | D:7      | Found a white marble altar of Elyvilon.
  4405 | D:8      | Identified a scroll of acquirement
  4405 | D:8      | Acquired the +2 hat "Amo Hut" {rC- Will+++ Slay+6 SInv}
  4446 | D:8      | Noticed a troll
  4452 | D:8      | Killed a troll
  4453 | D:8      | Reached skill level 9 in Armour
  4454 | D:8      | Found a flagged portal.
  4472 | D:8      | magic mapping scroll next to Bailey portal; portal is at
                  | north-center of floor
  4473 | Bailey   | Entered a bailey
  4542 | Bailey   | Reached skill level 10 in Armour
  4545 | Bailey   | Reached XP level 10. HP: 57/90 MP: 10/10
  4615 | Bailey   | Noticed Prince Ribbit
  4628 | Bailey   | I don't think I have seen this one before, or maybe with
                  | different enemies.
  4632 | Bailey   | Killed Prince Ribbit
  4633 | Bailey   | Reached skill level 1 in Throwing
  4639 | Bailey   | Noticed a vault guard
  4641 | Bailey   | Yeah. Probably different enemies.
  4668 | Bailey   | Killed a vault guard
  4669 | Bailey   | Reached skill level 11 in Armour
  4683 | Bailey   | Noticed a vault guard
  4720 | Bailey   | Killed a vault guard
  4872 | D:8      | Reached skill level 10 in Fighting
  4876 | D:8      | Found a basalt altar of Yredelemnul.
  4890 | D:8      | Yred altar in south.
  5166 | D:8      | Found a bloodstained altar of Trog.
  5500 | D:9      | Reached skill level 12 in Armour
  5610 | D:9      | Found the +4 robe of Augmentation {Str+4 Int+4 Dex+4}
  5621 | D:9      | Reached XP level 11. HP: 101/101 MP: 11/11
  5898 | D:9      | Found an ornate altar of the Wu Jian Council.
  6354 | D:10     | Entered Level 10 of the Dungeon
  6354 | D:10     | Noticed Maurice
  6362 | D:10     | Killed Maurice
  6682 | D:10     | unseen horror in north
  6924 | D:10     | Found a portal to a secret trove of treasure.
  7237 | D:10     | Reached skill level 13 in Armour
  7441 | D:10     | Don't underestimate the freezing wraith on this floor.
  7612 | D:11     | Noticed a skeletal warrior
  7628 | D:11     | Killed a skeletal warrior
  7657 | D:11     | Noticed a skeletal warrior
  7695 | D:11     | Killed a skeletal warrior
  7696 | D:11     | Reached skill level 5 in Throwing
  7724 | D:11     | Noticed a skeletal warrior
  7806 | D:11     | Found a staircase to the Lair.
  8468 | D:12     | Found a staircase to the Orcish Mines.
  8496 | D:12     | Reached skill level 14 in Armour
  8646 | D:11     | Reached XP level 12. HP: 59/113 MP: 12/12
  8798 | D:12     | Manticore!
  8970 | D:12     | Manticore #2 in west
  9385 | D:12     | Got Leda's Secrets of the Ground
  9396 | D:12     | Gargoyle vault.
  9587 | D:13     | Found a gate leading to a gauntlet.
  9602 | D:13     | Gauntlet in southwest. Also has +2 pair of boots by
                  | entrance!
  9604 | Gauntlet | Entered a Gauntlet
  9604 | Gauntlet | Found a transporter.
  9604 | Gauntlet | Found a transporter.
  9620 | Gauntlet | Found a transporter.
  9624 | Gauntlet | Found a transporter.
  9637 | Gauntlet | Found a transporter.
  9637 | Gauntlet | Found the ring of the Hare {EV+10}
  9641 | Gauntlet | Found a transporter.
  9648 | Gauntlet | Noticed a hell hog
  9659 | Gauntlet | Found a transporter.
  9674 | Gauntlet | Found a transporter.
  9691 | Gauntlet | Found a transporter.
  9695 | Gauntlet | Found a transporter.
  9700 | Gauntlet | Noticed a ghost crab
  9708 | Gauntlet | Found a transporter.
  9712 | Gauntlet | Found a transporter.
  9814 | Gauntlet | Reached skill level 15 in Armour
  9853 | Gauntlet | Slain by an apocalypse crab

Illustrated notes ################ #.#.#.#.#....... ##.#.#.#..# #.#.#.#.#.# ##.#.#.#..# #.#.#<#.#.# ##.#@#.#..# ..#.#.#.#.# #.#.#.#.#..## #.....#.....# #####.......# ###......... #......### #......# #........ Turn 22 on D:1: Starting vault: stone wall checkerboard. First enemy may be a rat to the south. ####### ####### #.....####......# #......†.@....# ####.............# ### #>...###.........# ..# #..#..##.........# ..###...#..##.....#### .................... ..........#.#.#...... ........#.#...##.#### ........#.....##.# Turn 213 on D:1: Book of the Senses ### #...# ..# ...#### #.# ......# #.# .....# #.# #....# #.# ###### #....# #.#####....####....##.## ......'....'..'.@....>.. ..#####....####....##.## ### #....# #...gw... #....# #.....#..# #######....# ###+#.# .# .....##....# ... # .....####### #.# .....# .. .....# Turn 275 on D:1: amulet of regen towards northeast :) #.. ## ##..####. ....... ..S.. ##### #...# #._.# #...# #.@.# #...# ##### ..... ..##### #.. ### Turn 600 on D:2: Faded altar vault accessible only by D:1 stairs. ############# #≈≈≈≈≈≈≈≈≈≈≈# #≈≈≈≈≈≈≈≈≈≈≈# #≈≈≈≈≈≈≈≈≈≈≈# #≈≈≈#####≈≈≈# #≈≈≈#...#≈≈≈# #≈≈≈#.@.#≈≈≈# #≈≈≈#...#≈≈≈# ##..## #≈≈≈##.##≈≈≈# .......###≈≈≈≈#.#≈≈≈≈# .......##≈≈≈≈#.#≈≈≈≈# ##.......#≈≈≈≈#.#≈≈≈≈# ##.......#######.###### #....##..# #...# #......#####.### Turn 2819 on D:5: Temple in northeast. Entrance vault: deep water pier. #_........._# ##...........## ##...._........## ##...............## #.......©.©.......# ##################### #........©8©........# #.<................_# #........©8@........# ##################### #...._..©.©.......# ##...............## ##.............## ##...........## #_........._# ##...._....## ########### Turn 2844 on Temple: Temple: fancy portals. *******,*~,* *,~,,,,* ** ,,,,,,,,,~,* *,~,,,,* *, ,,,,****,~,* *,~,,,,* *, ,,,,*****~,* *,~,,,,* *, ,,,,**>,,~,* *,~***** *, ,,,,**,**~,* *,~* ****, ,,,,**,,*~,* *,~# **,,,, ***,***,*~** ### **~###*,,*** *,,**,*~* ####@#### *~..,,,***, **,**,*~**#......)###~######**, *,**,,~~~~~~~~~~)~~~~......,,, *,**,,.#...##.###)....<....,*, ****,,,,,........# #..........,*, ,,,,,,,,*##.#.#.####..........*** ,,,,**,,,...#,#....#...>......* * ******,,*#.,*,##*#........)...** ,,,,,,*,**,,*,* ##..#######..,* Turn 4472 on D:8: magic mapping scroll next to Bailey portal; portal is at north-center of floor ...~.~.~~~~≈## ≈~......~~~≈# ≈~~..~~F~~≈# #≈~..~.~~~≈# #§~....~~~≈### #≈~...~~~≈#.## #≈~.~~~~≈##..## #≈~@~≈≈~≈#....## ##≈~)≈##≈##.....# #≈~.†≈####......# #≈~..≈#..)......# ###†###.)####'### #.†.†.#...##~~~## #.....#...#~~~~~# #..####)).#~~~~~# #....#.)))#~~~~~# Turn 4628 on Bailey: I don't think I have seen this one before, or maybe with different enemies. ##???## #??.(?# #.....# #..p..# #..∩..# ###.....### ##~##...##≈## ##~~~##@##~~≈## #~~~......~~~≈# #....~.~.~~~~≈## #.≈≈≈~......~~~≈# #+###≈~~..~~~~~≈# ##≈~..~.~~~≈# #≈~....~~~≈### ##≈~...~~~≈#.## #≈~.~~~~≈##..## Turn 4641 on Bailey: Yeah. Probably different enemies. [.##.####..#*** ##.### .....#.....## #)... ..##)).).)..## ##... ..##)#.###)..# #... ..##.#.# ##..##### #... ..##)#.# #......### #.b. .###...# ###......# #... .,*##..# #..P.P.# #### .,* #..# #...@..# ,,* #..# ##.P.P.# ,,* *### #.....# ,,* ####### ,** ** * Turn 4890 on D:8: Yred altar in south. ...........# ... ...# ##....##...###. .#.. .. ##....##...##.###.###..# #.....(....#...........# #.>...####'#..###.###..# #.....#......#...#...# ##....#..........#...# ##...(#.##....#..#...# ......#. #......@.###.. ......# #.........# ..# ##....# #..###'#..# .# # #..#.......# . # #..#...##.... # #... ..##. ######## #... ..# . #......# #... ..# .......# Turn 6682 on D:10: unseen horror in north #....##### #.##.#..#.... #........# #....#..##### #........# #....#'##.... #..#..#..####............ #..#..#..#..#.....##..... #..#.....#.†'.....##...#. #........#..#.#..W....... #....#####..#.#.......... #[##.#..♣...#.#..#######. #.##.#..#####.#..#.....#. #....#..#........#.....#. #....#..#........#.....#. #....####........#.....#. #.#..# #......#.#..####. #.#..# #......#.'..# ## #....########....#..# # #........#..#....#..# # Turn 7441 on D:10: Don't underestimate the freezing wraith on this floor. .....^.... .......... ......... ......... ###################..... ...........'......#..... ........^..#......#.^... ...........#....).'..... ..H....@...#......#..... ...........#......#..... .##+####...###....#..... ##...###....#..... #...........###### #........)........ #........[........ #................. #................. Turn 8798 on D:12: Manticore! +....## ########.....# .............### ...............## ................. ..............# ..............# .........@H...# ##.<...##+##### #.....'....... #.....#....... #.....#....... ####.....####...# ..........(.# ..# ............# .. #.... ............+ . #.... Turn 8970 on D:12: Manticore #2 in west

#....†....#......................
#.........#...##...##............
'.........#.###8...8###..........
#...........#.##...##8#..........
#..........###'.....'###.........
##...#####.#=#.).....#.#.........
##...##....##'.......)##.##......
#.....#....##....8....##..#......
#.....#....##'..@....'##..#......
#.....#....#)#.......#8#..#......
#.....'....###'.....'###..'......
#######.....#8##'.'##8#...#......
............###8###8###...#.....#
..............#######...###.....'
................................#
.............#......#...........#
.............#......+...........#


Turn 9396 on D:12: Gargoyle vault. #.# #..# *#.#$.##***,* *,* #.# #..###......#
*,* *,* #.# #.........#.# *,* *,* #.# #.####......# *,* *,* #.* #..)..###...#
*,* *,* *,* ######.#....# *,* *,* *,* ###.#...# *,* *,*
*,*#######.∩.....#***,***,* *,,.......@.........,,,,,,,
***######..........#*,***** ##.....###.#*,* *,, ##...## *,#*,***,*
##.##***,**,,,,,, ### *,,,,,*****, *,***,*****, *,* *,,,,,,, *,***,*****, Turn
9602 on D:13: Gauntlet in southwest. Also has +2 pair of boots by entrance!

Levels and vault maps discovered:
D:1:      lightli_arrival_chessboard, layout_basic, minmay_misc_feat_alley
D:2:      layout_loops_ring, nicolae_ecumenical_oubliette, uniq_sigmund
D:3:      layout_rooms, mainiacjoe_overflow_chevrons
D:4:      layout_rooms, xom_redecorated, uniq_natasha
D:5:      layout_cave_pools, nicolae_overflow_crystal_walls,
          kennysheep_mini_moat, lemuel_doored_altar,
          minmay_temple_entry_poolview, gammafunk_ghost_hive
D:6:      layout_cave_pools, riverfiend_overflow_shadow_ancestor,
          zin_scriptorium, minmay_crossroads
D:7:      layout_basic, mainiacjoe_overflow_24_doors,
          mainiacjoe_overflow_catwalk, grunt_ministairs_2
D:8:      layout_rooms, yredelemnul_altar_generic, trog_book,
          lightli_bailey_entry_fortress
D:9:      layout_cave_pools, nicolae_wu_jian_glorious_leap
D:10:     layout_stronghold, nicolae_trove_entry_isolated, nicolae_titane,
          uniq_maurice
D:11:     layout_stronghold, erik_lair_orcish_takeover
D:12:     cheibrodos_statue_roulette, layout_gridville
D:13:     layout_loops_ring, gauntlet_entry_generic, uniq_jorgrun
Temple:   hellmonk_temple_divided_pantheon
Gauntlet: gammafunk_gauntlet_hard_choice [gammafunk_gauntlet_arena_grid,
          nicolae_gauntlet_swirl, gammafunk_gauntlet_arena_corners,
          nicolae_gauntlet_arena_x, nicolae_gauntlet_arena_grate_2,
          gammafunk_gauntlet_arena_mazey,
          nicolae_gauntlet_exit_dead_adventurers]

Skill      XL: |  1  2  3  4  5  6  7  8  9 10 11 12 |
---------------+-------------------------------------+-----
Fighting       | 4 5 6 7 8 10 12 13 | 13.3
Long Blades    | 4 5 6 7 8 9 11 12 14 | 14.0
Dodging        | 1 2 3 |  3.1
Armour         | 1 2 4 5 8 10 12 14 15 | 15.0
Throwing       | 4 5 |  5.0
Spellcasting   | |  1.0
Fire Magic     | |  2.1

Action                     |  1- 3 |  4- 6 |  7- 9 | 10-12 || total
---------------------------+-------+-------+-------+-------++-------
  Melee: Falchion          |    82 |   120 |   319 |   225 ||   746
         Headbutt          |    11 |    22 |    68 |   114 ||   215
         Punch             |     1 |     1 |     4 |     8 ||    14
         Scimitar          |       |       |       |   302 ||   302
  Throw: Javelin           |       |       |       |     5 ||     5
         Dart              |       |       |       |     7 ||     7
         Boomerang         |       |       |       |     2 ||     2
    Use: Scroll            |     2 |     2 |    18 |     9 ||    31
         Potion            |     2 |       |       |     4 ||     6
   Stab: Invisible         |       |       |       |     1 ||     1
 Armour: Robe              |    14 |       |       |       ||    14
         Ring mail         |    22 |     2 |       |       ||    24
         Chain mail        |       |    70 |   167 |   296 ||   533
         Skin              |       |       |       |    19 ||    19
  Dodge: Dodged            |    58 |    44 |   157 |   219 ||   478
